 Dungeon Crawl Stone Soup version 0.31-a0-1611-g890cdf5628 (webtiles) character file.

Game seed: 17899354379548901636

220 LeprechaunX the Changeling (level 5, 0/36 HPs)
             Began as an Octopode Shapeshifter on Jan 8, 2024.
             Slain by an orc
             ... wielding a +0 club
              (4 damage)
             ... on level 2 of the Dungeon.
             The game lasted 00:02:56 (1907 turns).

LeprechaunX the Changeling (Octopode Shapeshifter)  Turns: 1907, Time: 00:02:56

Health: 0/36       AC:  1    Str: 14    XL:     5   Next: 97%
Magic:  5/5        EV: 13    Int: 12    God:
Gold:   60         SH:  0    Dex: 13    Spells: 4/4 levels left

rFire   . .          .
                       - Unarmed
rCold   . . .        (no shield)
rNeg    . . .        (helmet currently unavailable)
rPois   .            e - amulet of faith
rElec   .            (no ring)
rCorr   .            (no ring)
SInv    .            (no ring)
Will    .....        (no ring)
Stlth   ++           (no ring)
HPRegen 0.26/turn    (no ring)
MPRegen 0.09/turn    (no ring)
                     (no ring)

%: faith
@: beast-form
A: beast (slay +2), almost no armour, amphibious, 8 rings, camouflage 1,
gelatinous body 1, (nimble swimmer 1), tentacles
a: Begin Untransformation


You were on level 2 of the Dungeon.
You were a hulking beast.
You visited 1 branch of the dungeon, and saw 3 of its levels.

You collected 60 gold pieces.

Inventory:

Jewellery
 e - an amulet of faith (around mantle)
Talismans
 b - a beast talisman
 c - a flux talisman
Scrolls
 d - a scroll of teleportation {unknown}
 f - a scroll of vulnerability {unknown}
 g - a scroll of enchant weapon {unknown}
 i - a scroll of fog {unknown}
 k - a scroll of immolation {unknown}
Potions
 a - 3 potions of lignification
 h - a potion of enlightenment {unknown}
 j - a potion of heal wounds {unknown}
 l - a potion of mutation {unknown}


   Skills:
 + Level 2.8 Fighting
 - Level 2.0 Dodging
 + Level 4.0 Unarmed Combat
 * Level 4.7 Shapeshifting


You had 4 spell levels left.
You didn't know any spells.
Your spell library was empty.

Dungeon Overview and Level Annotations

Branches:
Dungeon (3/15)

Altars:

Annotations:
D:3 1 runed translucent door


Innate Abilities, Weirdness & Mutations

You are a hulking beast.
Your limbs bulge with bestial killing power. (Slay +2)
You cannot wear most types of armour.
You are amphibious.
You can wear up to eight rings at the same time.
Your skin changes colour to match your surroundings (Stealth+).
Your rubbery body absorbs attacks. (AC +1, EV +1)
((You are camouflaged when in or above water. (Stealth+)))
You have tentacles for arms and can constrict up to eight enemies at once.


Message History

The orc wizard casts a spell.
The orc wizard flickers and vanishes!
Deactivating autopickup; reactivate with Ctrl-A.
You hear a shout!
Things that are here:
a +0 robe; a +2 dagger of freezing; a wand of flame (9)
Something hits you.
You closely miss something.
Your tentacle-slap misses something.
You hear some strange, mumbled words.
You are confused.
You hear some strange, mumbled words.
You are more confused.
Something hits you.
You closely miss something. Your squeeze misses something.
You hear some strange, mumbled words.
A puff of flame appears from out of thin air!
The puff of flame hits you!
You miss something. Your squeeze misses something. Something hits you.
You hear some strange, mumbled words.
Something tries to affect you, but you resist.
You completely miss something. Your squeeze misses something.
You hear some strange, mumbled words.
A puff of flame appears from out of thin air!
The puff of flame hits you!
* * * LOW HITPOINT WARNING * * *
You hear some strange, mumbled words.
Something tries to affect you, but you resist.
Things that are here:
a +0 robe; a +2 dagger of freezing; a wand of flame (9) Unknown command.
There is a stone staircase leading up here.
The orc barely misses you.
You climb upwards.
Reactivating autopickup.
There is a stone staircase leading down here.
Unknown command.
You bump into the rock wall.
You feel less confused. The orc hits you with a +0 club.
You die...

###### ########.# #.# #. #....#
#........# #.# #. #....#
#.######## #.###. #....# #.#
#..... #....# #.# ###### #....#
#.# ###### #.[..#
#.###########.....
#....######รท..........+.....
#..........h.........##.....
#..........o########..#.....
#...........# #.....####
######...........#######.....###
#....'...........'.....#.......#
##.###.........>.#####.#....##.#
#.# #...######### ###'#....##.##
#.# #...# #........##... #)#
#...# #........#####


You could see an orc.

Vanquished Creatures
  A scorpion (D:3)
  Jessica (D:3)
  Natasha (D:3)
  3 gnolls (D:3)
  3 adders (D:2)
  A ribbon worm (D:2)
  3 dart slugs
  7 ball pythons
  4 endoplasms
  2 giant cockroaches
  5 goblins
  4 hobgoblins
  2 quokkas (D:1)
  6 bats
  4 kobolds
  4 rats
51 creatures vanquished.

Notes
Turn   | Place    | Note
-------+----------+-------------------------------------------
     0 | D:1      | LeprechaunX the Octopode Shapeshifter began the quest for
                  | the Orb.
     0 | D:1      | Reached XP level 1. HP: 13/13 MP: 1/1
   111 | D:1      | Reached XP level 2. HP: 18/18 MP: 2/2
   328 | D:1      | Reached XP level 3. HP: 20/23 MP: 3/3
  1076 | D:2      | Reached XP level 4. HP: 29/29 MP: 4/4
  1734 | D:3      | Noticed Natasha
  1741 | D:3      | Killed Natasha
  1742 | D:3      | Reached XP level 5. HP: 32/35 MP: 5/5
  1751 | D:3      | Found a runed translucent door.
  1811 | D:3      | Noticed Jessica
  1824 | D:3      | Killed Jessica
  1907 | D:2      | Slain by an orc

Illustrated notes

Levels and vault maps discovered:
D:1:      lightli_iron_boxes, layout_rooms
D:2:      layout_basic
D:3:      layout_basic, ebering_ghost_sewer_f, uniq_natasha, uniq_jessica

Skill      XL: |  1  2  3  4  5 |
---------------+----------------+-----
Fighting       | 2 |  2.8
Shapeshifting  | 4 |  4.7
Unarmed Combat | 4 |  4.0
Dodging        | |  2.0

Action                     |  1- 3 |  4- 6 || total
---------------------------+-------+-------++-------
  Melee: Unarmed           |    70 |    38 ||   108
         Constrict         |    20 |    11 ||    31
         Tentacles         |    12 |     5 ||    17
   Stab: Sleeping          |    11 |     3 ||    14
 Armour: Skin              |    31 |    22 ||    53
  Dodge: Dodged            |    44 |    17 ||    61

Table legend: (Time is in decaauts)
 A = Elapsed time spent in this place.
 B = Non-inter-level travel time spent in this place.
 C = Inter-level travel time spent in this place.
 D = Time resting spent in this place.
 E = Time spent auto-exploring this place.
 F = Levels seen in this place.
 G = Mean time per level.
                   A        B        C        D        E       F      G
               +--------+--------+--------+--------+--------+-----+--------+
         Total |   1902 |   1796 |    106 |    109 |   1299 |   3 |  634.0 |
       Dungeon |   1902 |   1796 |    106 |    109 |   1299 |   3 |  634.0 |
               +--------+--------+--------+--------+--------+-----+--------+

Top non-repeatable levels by time:
     D:2: 1102 daAuts
     D:1: 490 daAuts
     D:3: 309 daAuts
